[Event "Titled Tuesday Blitz April 11 Early 2023"]
[White "Arpita, Mukherjee"]
[Black "Csonka, Balazs"]
[WhiteFideId "5056403"]
[BlackFideId "742910"]
[WhiteElo "2129"]
[BlackElo "2404"]
[Result "0-1"]
[Round "04"]
[TimeControl "180+2"]
[Date "2023.04.11"]
[WhiteClock "0:00:56"]
[BlackClock "0:00:27"]

1. e4 c5 2. Nf3 e6 3. d4 cxd4 4. Nxd4 a6 5. Bd3 Bc5 6. Nb3 Be7 7. Qg4 g6 8. Nc3 d6 9. Be3 Nd7 10. O-O Ngf6 11. Qe2 O-O 12. a4 b6 13. f4 Bb7 14. Bd4 Qc7 15. f5 gxf5 16. exf5 e5 17. Be3 Kh8 18. Bh6 Rg8 19. Ne4 d5 20. Ng5 Rxg5 21. Bxg5 Rg8 22. h4 d4 23. Nxd4 Bc5 24. c3 exd4 25. b4 Bd6 26. cxd4 h6 27. Rac1 Bh2+ 28. Kh1 Qg3 29. Bf4 Bxg2+ 0-1


[Site "https://www.chess.com"]

[Event "Titled Tuesday Blitz April 11 Early 2023"]
[White "Gurevich, Dmitry"]
[Black "Averjanov, Alexey"]
[WhiteFideId "2000407"]
[BlackFideId "14109867"]
[WhiteElo "2506"]
[BlackElo "2727"]
[Result "0-1"]
[Round "04"]
[TimeControl "180+2"]
[Date "2023.04.11"]
[WhiteClock "0:00:25"]
[BlackClock "0:01:03"]

1. d4 d5 2. c4 dxc4 3. e3 Nf6 4. Nf3 e6 5. Bxc4 a6 6. Bb3 b5 7. a4 b4 8. O-O Bb7 9. Nbd2 Nbd7 10. Nc4 c5 11. a5 Qc7 12. h3 Be7 13. Qe2 O-O 14. Bd2 cxd4 15. exd4 Bd5 16. Rfc1 Qb7 17. Ne1 Rac8 18. Bf4 Rfd8 19. f3 h6 20. Qe3 Bxc4 21. Bxc4 Nd5 22. Bxd5 Qxd5 23. Qe4 Nf6 24. Qxd5 Nxd5 25. Bg3 Bf6 26. Bf2 Nf4 27. Kh2 Rxc1 28. Rxc1 Bxd4 29. Bxd4 Rxd4 30. Rc6 Rd1 31. Nc2 b3 32. Ne3 Rd2 33. Rxa6 Rxb2 34. Rb6 Ra2 35. Rxb3 Rxa5 36. h4 g5 37. hxg5 hxg5 38. Rb2 Kg7 39. g3 Nd3 40. Rd2 Ne1 41. Rf2 Ra3 0-1


[Site "https://www.chess.com"]

[Event "Titled Tuesday Blitz April 11 Early 2023"]
[White "Jaracz, Pawel"]
[Black "Vakhidov, Shahzod"]
[WhiteFideId "1102222"]
[BlackFideId "14205270"]
[WhiteElo "2438"]
[BlackElo "2212"]
[Result "0-1"]
[Round "04"]
[TimeControl "180+2"]
[Date "2023.04.11"]
[WhiteClock "0:00:17"]
[BlackClock "0:00:27"]

1. e4 c5 2. Nf3 g6 3. c4 Bg7 4. d4 cxd4 5. Nxd4 Nc6 6. Be3 Nf6 7. Nc3 O-O 8. Be2 d6 9. O-O Bd7 10. Qd2 Nxd4 11. Bxd4 Bc6 12. f3 a5 13. b3 Nd7 14. Be3 Nc5 15. Rac1 e6 16. Rfd1 Be5 17. Nb5 Qh4 18. f4 Nxe4 19. Qe1 Qxe1+ 20. Rxe1 Bg7 21. Bf3 Bxb5 22. cxb5 Nc3 23. Bxb7 Rab8 24. Ba6 Nxb5 25. Rc6 d5 26. Rc5 Nd6 27. Rxa5 Bc3 28. Rc1 Bxa5 29. Rc6 Nf5 30. Bc5 Rfd8 31. g4 Ng7 32. Be7 Rd7 33. Bd6 Ra8 34. Bb5 Ne8 35. Be5 Bc7 36. Rc2 Re7 37. Bc6 Rc8 38. Bd4 Bxf4 39. b4 e5 40. Bb6 Nd6 41. Rc5 Be3+ 42. Kg2 Bxc5 0-1


[Site "https://www.chess.com"]

[Event "Titled Tuesday Blitz April 11 Early 2023"]
[White "koncheto"]
[Black "Korchmar, Vasiliy"]
[BlackFideId "24131750"]
[WhiteElo "2543"]
[BlackElo "2370"]
[Result "1-0"]
[Round "04"]
[TimeControl "180+2"]
[Date "2023.04.11"]
[WhiteClock "0:00:04"]
[BlackClock "0:00:02"]

1. d4 Nf6 2. Bg5 Ne4 3. h4 c5 4. dxc5 Qa5+ 5. Nd2 Nxg5 6. hxg5 Qxc5 7. g6 fxg6 8. e3 Nc6 9. Ngf3 d6 10. c3 Be6 11. Bd3 O-O-O 12. Bxg6 Ne5 13. Be4 g5 14. Nxg5 Nd3+ 15. Bxd3 Qxg5 16. Qa4 Qxg2 17. Be4 Qg5 18. Qxa7 d5 19. Bd3 Qe5 20. O-O-O h5 21. Nf3 Qb8 22. Qd4 Bh6 23. Kb1 Bg4 24. Rxh5 Rdg8 25. Rxd5 Qc7 26. Rc5 Bxf3 27. Bf5+ Kb8 28. Rxc7 Kxc7 29. Qc5+ Kb8 30. Rd7 Bc6 31. Rxe7 Bf8 32. Qe5+ Ka7 33. Rf7 Rh1+ 34. Kc2 Bh6 35. Be4 Ba4+ 36. b3 Ra1 37. Qa5+ Kb8 38. Qc7+ 1-0


[Site "https://www.chess.com"]

[Event "Titled Tuesday Blitz April 11 Early 2023"]
[White "Riff, Vincent"]
[Black "Jimenez Almeida, Luis David"]
[WhiteFideId "617776"]
[BlackFideId "22242244"]
[WhiteElo "2369"]
[BlackElo "2245"]
[Result "1-0"]
[Round "04"]
[TimeControl "180+2"]
[Date "2023.04.11"]
[WhiteClock "0:00:16"]
[BlackClock "0:00:04"]

1. e4 c6 2. Nf3 g6 3. Nc3 Bg7 4. d4 d6 5. Bc4 Nf6 6. Qe2 O-O 7. e5 dxe5 8. dxe5 Nd5 9. O-O Na6 10. Nxd5 cxd5 11. Bxa6 bxa6 12. Be3 Qc7 13. Bd4 e6 14. h4 Rb8 15. b3 Bd7 16. Qe3 Qxc2 17. Bxa7 Ra8 18. Bd4 Rfc8 19. h5 Bb5 20. Rfc1 Qd3 21. hxg6 hxg6 22. a4 Qxe3 23. fxe3 Bd3 24. b4 Bf8 25. Bc5 Bxc5 26. bxc5 Bc4 27. Rab1 Rxc5 28. Rb7 Rac8 29. Ng5 R5c7 30. Rb6 Kg7 31. Rc2 Kh6 32. Nf3 g5 33. Nd4 Kg6 34. Rf2 Bd3 35. Rf6+ Kg7 36. Kf2 Be4 37. Kg3 Rc3 38. Rb7 R8c7 39. Rxc7 Rxc7 40. Rxe6 Rc3 41. Rxa6 Rxe3+ 42. Kf2 Rd3 43. Ne2 Rd2 44. Ke3 Ra2 45. Nc3 Ra3 46. Kd4 Bxg2 47. Nb5 Ra1 48. Nd6 g4 49. Nf5+ Kh7 50. Rh6+ Kg8 51. Ne7+ Kg7 52. Nf5+ Kg8 53. Kc5 Rxa4 54. Ne7+ Kg7 55. Nf5+ Kg8 56. Rb6 Rc4+ 57. Kd6 Be4 58. Nh6+ Kg7 59. Nxg4 Bg6 60. Nf6 d4 61. Kd5 Ra4 62. Ne8+ Kh6 63. Rb2 d3 64. Nf6 Ra5+ 65. Kd4 Ra4+ 66. Ke3 Rh4 67. Rf2 Rh3+ 68. Kd2 Kg7 69. Ne8+ Kf8 70. Nf6 Ke7 71. Ng4 Ke6 72. Rf6+ Ke7 73. Rf2 Rg3 74. Ne3 Ke6 75. Nc4 Rg4 76. Kc3 Rh4 77. Rf6+ Kd5 78. Rd6+ Ke4 79. Rd4+ Kf3 80. Rxh4 1-0


[Site "https://www.chess.com"]

[Event "Titled Tuesday Blitz April 11 Early 2023"]
[White "Budrewicz, Krzysztof"]
[Black "Levitskiy, Andrey"]
[WhiteFideId "1127950"]
[BlackFideId "14132885"]
[WhiteElo "2230"]
[BlackElo "2341"]
[Result "0-1"]
[Round "04"]
[TimeControl "180+2"]
[Date "2023.04.11"]
[WhiteClock "0:00:20"]
[BlackClock "0:00:10"]

1. d4 Nf6 2. c4 e6 3. Nf3 Bb4+ 4. Nbd2 d6 5. a3 Bxd2+ 6. Qxd2 O-O 7. e3 a5 8. b3 Re8 9. Bb2 Qe7 10. Be2 Nbd7 11. O-O e5 12. d5 Nc5 13. Qc2 g6 14. b4 Bf5 15. Qd1 Na6 16. Bc3 Bg4 17. Qb3 Ne4 18. Be1 Ng5 19. Kh1 Bxf3 20. gxf3 Qf6 21. e4 Nh3 22. Qe3 Nf4 23. Rg1 Nb8 24. Bc3 Nd7 25. Bd3 h5 26. Bc2 Rf8 27. Ba4 Nb6 28. Bb3 Kh7 29. c5 Nd7 30. Ba4 Rfd8 31. Bxd7 Rxd7 32. c6 bxc6 33. dxc6 Rdd8 34. b5 d5 35. exd5 Rxd5 36. a4 Re8 37. Rad1 Qd6 38. Rxd5 Nxd5 39. Qd2 Rd8 40. Bxa5 Qf6 41. Qe2 Nf4 42. Qe4 Rd4 43. Qc2 Nh3 44. Rg3 Rd1+ 45. Qxd1 Nxf2+ 46. Kg2 Nxd1 47. Bxc7 h4 48. Rg4 Ne3+ 49. Kg1 Nxg4 50. fxg4 Qf4 51. h3 Qg3+ 52. Kf1 Qxh3+ 53. Ke2 Qxg4+ 54. Kd3 Qxa4 55. b6 Qxc6 56. Ke3 Qc5+ 57. Ke4 Qc6+ 58. Kxe5 h3 0-1


[Site "https://www.chess.com"]

[Event "Titled Tuesday Blitz April 11 Early 2023"]
[White "Omelja, Artem"]
[Black "Bocharov, Dmitry"]
[WhiteFideId "14119846"]
[BlackFideId "4138716"]
[WhiteElo "2404"]
[BlackElo "2469"]
[Result "1/2-1/2"]
[Round "04"]
[TimeControl "180+2"]
[Date "2023.04.11"]
[WhiteClock "0:00:13"]
[BlackClock "0:00:28"]

1. e4 c5 2. Nf3 d6 3. Bb5+ Nd7 4. d4 cxd4 5. Qxd4 a6 6. Bxd7+ Bxd7 7. c4 Nf6 8. Nc3 g6 9. Bg5 Bg7 10. O-O h6 11. Bh4 Rc8 12. Qd3 O-O 13. Rac1 g5 14. Bg3 Nh5 15. Rfd1 Be6 16. b3 Nxg3 17. hxg3 Qa5 18. Nd4 Qc5 19. Nd5 Bxd5 20. exd5 Qxd4 21. Qxd4 Bxd4 22. Rxd4 b5 23. Re1 bxc4 24. Rxc4 Rxc4 25. bxc4 Re8 26. Kf1 Kf8 27. Rb1 Rc8 28. Rb4 a5 29. Ra4 Rc5 30. Ke2 e6 31. dxe6 fxe6 32. Kd3 Ke7 33. Ra3 g4 34. Rb3 d5 35. cxd5 Rxd5+ 36. Ke3 h5 37. f3 Kf6 38. Rc3 Re5+ 39. Kf2 Rb5 40. Rc2 Kf5 41. a4 Rd5 42. Rb2 e5 43. Rb8 Rd2+ 44. Kf1 Rd4 45. Rb5 Rxa4 46. f4 Re4 47. Rxa5 Ke6 48. fxe5 Rxe5 49. Ra6+ Kf5 50. Kg1 Kg5 51. Kh2 Rf5 1/2-1/2


[Site "https://www.chess.com"]

[Event "Titled Tuesday Blitz April 11 Early 2023"]
[White "Petrov, Martin"]
[Black "Yelisieiev, Yevhenii"]
[WhiteFideId "2911086"]
[BlackFideId "14139642"]
[WhiteElo "2430"]
[BlackElo "2425"]
[Result "0-1"]
[Round "04"]
[TimeControl "180+2"]
[Date "2023.04.11"]
[WhiteClock "0:00:01"]
[BlackClock "0:00:12"]

1. c4 d6 2. Nc3 Nf6 3. g3 e5 4. Bg2 Be7 5. e3 O-O 6. Nge2 c6 7. d4 Nbd7 8. O-O Re8 9. b4 exd4 10. exd4 d5 11. c5 Bf8 12. a4 g6 13. b5 Bg7 14. Bf4 Nf8 15. h3 Ne6 16. Be5 Bh6 17. g4 Nd7 18. Bg3 Bg7 19. Qd3 Ng5 20. Rad1 Qa5 21. f4 Ne4 22. Nxe4 dxe4 23. Bxe4 Qxa4 24. Nc3 Qa5 25. bxc6 bxc6 26. Bxc6 Ba6 27. Qf3 Bxf1 28. Bxd7 Bc4 29. Bxe8 Rxe8 30. Bf2 Qa3 31. Kg2 Qb3 32. Rb1 Qc2 33. Rb7 a5 34. Nd5 Bxd4 35. Ne7+ Kf8 36. Kg3 Bxf2+ 37. Qxf2 Qxf2+ 38. Kxf2 Rxe7 39. Rb8+ Re8 40. Rb7 Rc8 41. Ra7 Rxc5 42. Ke3 Bb3 43. Kd4 Rb5 44. f5 gxf5 45. gxf5 Rxf5 46. Ke4 Rh5 47. Kf4 a4 48. Kg4 Rc5 0-1


[Site "https://www.chess.com"]

[Event "Titled Tuesday Blitz April 11 Early 2023"]
[White "Kosteniuk, Alexandra"]
[Black "Kubicka, Anna"]
[WhiteFideId "4128125"]
[BlackFideId "1152254"]
[WhiteElo "2453"]
[BlackElo "2144"]
[Result "1-0"]
[Round "04"]
[TimeControl "180+2"]
[Date "2023.04.11"]
[WhiteClock "0:00:04"]
[BlackClock "0:00:01"]

1. d4 Nf6 2. Nf3 c5 3. g3 cxd4 4. Nxd4 e5 5. Nb3 d5 6. Bg2 h6 7. O-O Nc6 8. c4 Be6 9. cxd5 Bxd5 10. Nc3 Bxg2 11. Kxg2 Qxd1 12. Rxd1 a6 13. Be3 Bb4 14. Rac1 O-O 15. Na4 Rfd8 16. Bb6 Rxd1 17. Rxd1 Rc8 18. Nac5 Nd4 19. Nd3 Nxb3 20. Nxb4 Nc5 21. Rc1 Nfd7 22. Ba7 b6 23. Nxa6 Ra8 24. Nxc5 bxc5 25. Bxc5 Nxc5 26. Rxc5 Rxa2 27. Rb5 f6 28. Kf3 Ra1 29. Rb8+ Kf7 30. Rb7+ Kg6 31. Rc7 Rb1 32. Rc2 Kf5 33. h3 h5 34. e4+ Kg5 35. h4+ Kh6 36. Ke3 g5 37. Kd3 gxh4 38. gxh4 Rh1 39. b4 Rh3+ 40. Kc4 Rxh4 41. Kd5 f5 42. b5 Rxe4 43. Rb2 Kg5 44. b6 Rd4+ 45. Kxe5 Rd8 46. b7 Rb8 47. f4+ Kg4 48. Rg2+ Kf3 49. Rg7 h4 50. Rh7 Kg3 51. Kxf5 h3 52. Ke5 h2 53. f5 Rxb7 54. Rxb7 h1=Q 55. Rg7+ Kf3 56. f6 Qh5+ 57. Ke6 Qe8+ 58. Re7 Qc6+ 59. Kf7 Kf4 60. Kg6 Qg2+ 61. Kf7 Kf5 62. Ke8 Qc6+ 63. Rd7 Qe6+ 64. Re7 1-0


[Site "https://www.chess.com"]

[Event "Titled Tuesday Blitz April 11 Early 2023"]
[White "Tan, Zhongyi"]
[Black "Garv Gaur"]
[WhiteFideId "8603642"]
[BlackFideId "45030839"]
[WhiteElo "2519"]
[BlackElo "2068"]
[Result "1-0"]
[Round "04"]
[TimeControl "180+2"]
[Date "2023.04.11"]
[WhiteClock "0:00:36"]
[BlackClock "0:00:04"]

1. d4 Nf6 2. c4 e6 3. Nc3 Bb4 4. Nf3 d5 5. Qa4+ Nc6 6. e3 O-O 7. Qc2 dxc4 8. Bxc4 Bd6 9. O-O e5 10. dxe5 Nxe5 11. Nxe5 Bxe5 12. f4 Bxc3 13. bxc3 Qe7 14. Bd3 Rd8 15. Re1 Nd5 16. Bxh7+ Kh8 17. Be4 Nxc3 18. Bf3 Nd5 19. Bb2 Be6 20. Rad1 f6 21. Qc1 Nb4 22. Be4 Nxa2 23. Qc2 Nb4 24. Qe2 Bf7 25. Bb1 Nd5 26. Qg4 Kg8 27. Qh3 g6 28. Qh4 Kg7 29. e4 Rh8 30. exd5 Qc5+ 31. Qf2 Qxf2+ 32. Kxf2 Rxh2 33. Re7 Rah8 34. Rxc7 R8h3 35. Ba2 Kf8 36. Bxf6 1-0


[Site "https://www.chess.com"]

[Event "Titled Tuesday Blitz April 11 Early 2023"]
[White "Sai Han Thiha"]
[Black "Rendle, Thomas E"]
[WhiteFideId "13012290"]
[BlackFideId "408760"]
[WhiteElo "1954"]
[BlackElo "2428"]
[Result "0-1"]
[Round "04"]
[TimeControl "180+2"]
[Date "2023.04.11"]
[WhiteClock "0:00:02"]
[BlackClock "0:00:42"]

1. d4 e6 2. c4 f5 3. Nf3 Nf6 4. Nc3 d5 5. Bf4 c6 6. e3 Be7 7. Bd3 O-O 8. O-O Ne4 9. h3 Nd7 10. Rc1 Ndf6 11. Bh2 Bd7 12. Ne2 g5 13. Ne5 Be8 14. f3 Nd6 15. Qb3 Qb6 16. c5 Qxb3 17. axb3 Nf7 18. b4 a6 19. Ra1 Nxe5 20. dxe5 Nd7 21. Nd4 Bf7 22. g4 fxg4 23. fxg4 a5 24. Rxa5 Rxa5 25. bxa5 Nxc5 26. Bc2 Ra8 27. b4 Nd7 28. Bxh7+ Kg7 29. Bf5 Nf8 30. Bxe6 Nxe6 31. Nf5+ Kf8 32. Nh6 Bxb4 33. Nxf7 Ke7 34. Nd6 Nd8 35. Rf5 Rxa5 36. Rxg5 Ra1+ 37. Kg2 Ra2+ 38. Kg3 Be1+ 39. Kf4 Ne6+ 40. Kf5 Nxg5 41. Bf4 Nxh3 42. g5 Rf2 43. Nxb7 d4 44. Ke4 dxe3 45. Bxe3 Rg2 46. Nd6 Nxg5+ 47. Kf4 Ne6+ 48. Kf3 Ra2 49. Nf5+ Kd7 50. Nd6 Bd2 51. Ke4 Bxe3 52. Kxe3 Ra5 53. Ke4 Ra4+ 54. Kf5 Rf4+ 55. Kg6 Nd4 56. Kg5 Rf1 57. Ne4 Ke6 58. Nc5+ Kxe5 59. Nd3+ Kd5 60. Nb4+ Kc4 61. Nd3 Kxd3 0-1


[Site "https://www.chess.com"]

[Event "Titled Tuesday Blitz April 11 Early 2023"]
[White "Trifan, Andrei Ioan"]
[Black "Makhnev, Denis"]
[WhiteFideId "12967068"]
[BlackFideId "13707647"]
[WhiteElo "2208"]
[BlackElo "2515"]
[Result "1/2-1/2"]
[Round "04"]
[TimeControl "180+2"]
[Date "2023.04.11"]
[WhiteClock "0:02:27"]
[BlackClock "0:02:00"]

1. e4 c6 2. d4 d5 3. exd5 cxd5 4. c4 Nf6 5. Nc3 Nc6 6. Nf3 Bg4 7. cxd5 Nxd5 8. Qb3 Bxf3 9. gxf3 e6 10. Qxb7 Nxd4 11. Bb5+ Nxb5 12. Qc6+ Ke7 13. Qxb5 Qd7 14. Nxd5+ Qxd5 15. Bg5+ f6 16. Qxd5 exd5 17. Be3 Ke6 18. O-O-O Bb4 19. Bd2 Rac8+ 20. Kb1 Bxd2 21. Rxd2 Rhd8 22. Re1+ Kf7 23. Red1 Ke6 24. Re1+ Kf7 25. Red1 Ke6 26. Re1+ 1/2-1/2


[Site "https://www.chess.com"]

[Event "Titled Tuesday Blitz April 11 Early 2023"]
[White "Gogolev, Artem"]
[Black "Iskusnyh, Sergei"]
[WhiteFideId "4116615"]
[BlackFideId "4120027"]
[WhiteElo "2182"]
[BlackElo "2492"]
[Result "0-1"]
[Round "04"]
[TimeControl "180+2"]
[Date "2023.04.11"]
[WhiteClock "0:00:35"]
[BlackClock "0:00:49"]

1. d4 d5 2. c4 c6 3. Nf3 Nf6 4. g3 Bf5 5. Bg2 e6 6. Qb3 Qb6 7. c5 Qa6 8. Bf1 Ne4 9. Nc3 b6 10. cxb6 axb6 11. Nh4 Nd7 12. f3 Nxc3 13. bxc3 Bg6 14. a4 Be7 15. Nxg6 hxg6 16. e4 Qa7 17. Be3 O-O 18. h4 dxe4 19. fxe4 Nf6 20. h5 gxh5 21. Bg5 Nxe4 22. Bxe7 Qxe7 23. Rxh5 Nxg3 24. Rh3 Qg5 25. Kf2 Ne4+ 26. Kf3 Nd2+ 0-1


[Site "https://www.chess.com"]

[Event "Titled Tuesday Blitz April 11 Early 2023"]
[White "Dominguez Pons, Eric"]
[Black "Karthikeyan, Murali"]
[WhiteFideId "2262916"]
[BlackFideId "5074452"]
[WhiteElo "2302"]
[BlackElo "2523"]
[Result "1-0"]
[Round "04"]
[TimeControl "180+2"]
[Date "2023.04.11"]
[WhiteClock "0:00:14"]
[BlackClock "0:00:02"]

1. d4 Nf6 2. Nf3 g6 3. Nbd2 d5 4. e3 Bg7 5. Bd3 O-O 6. O-O c5 7. c3 b6 8. e4 dxe4 9. Nxe4 Nbd7 10. dxc5 Nxc5 11. Nxc5 bxc5 12. Be3 Qc7 13. Qc2 Bb7 14. Nd2 Ng4 15. g3 Nxe3 16. fxe3 Rad8 17. Rad1 Bh6 18. Nc4 Rd7 19. Be4 Ba6 20. Qa4 Bxc4 21. Qxc4 Bxe3+ 22. Kg2 e6 23. h4 Kg7 24. h5 Rxd1 25. Rxd1 Qe5 26. hxg6 hxg6 27. Rd7 Bg5 28. Qd3 Kg8 29. Bxg6 Qf6 30. Bh7+ Kg7 31. Be4 a5 32. Qf3 Rb8 33. Qxf6+ Kxf6 34. b3 Ke5 35. Bc6 f5 36. Ra7 Bd8 37. Bd7 Bb6 38. Ra6 Kd6 39. Bb5 e5 40. Kf3 Ke6 41. a4 Kf6 42. b4 cxb4 43. cxb4 Kg5 44. bxa5 Bc7 45. Ra7 e4+ 46. Kf2 Be5 47. Rf7 Bd4+ 48. Ke2 Rh8 49. Bd7 Rh2+ 50. Kd1 e3 51. Rxf5+ Kg6 52. Rf3 e2+ 53. Ke1 Bc5 54. Rb3 Bd6 55. Bg4 Rg2 56. Bxe2 Rxg3 57. Rb6 1-0


[Site "https://www.chess.com"]

[Event "Titled Tuesday Blitz April 11 Early 2023"]
[White "Principe, Gerson"]
[Black "Vysochin, Spartak"]
[WhiteFideId "3804550"]
[BlackFideId "14103516"]
[WhiteElo "2229"]
[BlackElo "2367"]
[Result "0-1"]
[Round "04"]
[TimeControl "180+2"]
[Date "2023.04.11"]
[WhiteClock "0:00:01"]
[BlackClock "0:00:07"]

1. d4 d5 2. Nf3 Nf6 3. e3 c5 4. Be2 Nc6 5. O-O Bg4 6. Nbd2 e6 7. b3 cxd4 8. exd4 Bd6 9. Bb2 O-O 10. c4 Rc8 11. Ne5 Bxe2 12. Qxe2 dxc4 13. Ndxc4 Nd5 14. Rac1 Bb8 15. Rfd1 Qg5 16. g3 Rfd8 17. Qf3 Qf6 18. Qe2 h6 19. h4 Nce7 20. Na5 b6 21. Nac4 Nf5 22. a3 Bd6 23. Nd2 Qe7 24. Nc6 Rxc6 25. Rxc6 Bxa3 26. Nf3 Bxb2 27. Qxb2 Qf6 28. Qe2 Nfe7 29. Rcc1 Nf5 30. Ne5 Nde7 31. Rd3 Nxd4 32. Qd1 Qxe5 33. Rc4 Nef5 0-1


[Site "https://www.chess.com"]

[Event "Titled Tuesday Blitz April 11 Early 2023"]
[White "Rangel, Daniel"]
[Black "Chernobay, Artem"]
[WhiteFideId "2124475"]
[BlackFideId "4167406"]
[WhiteElo "2256"]
[BlackElo "2474"]
[Result "1-0"]
[Round "04"]
[TimeControl "180+2"]
[Date "2023.04.11"]
[WhiteClock "0:00:04"]
[BlackClock "0:00:01"]

1. c4 e5 2. g3 Nf6 3. Bg2 d5 4. cxd5 Nxd5 5. Nf3 Nc6 6. O-O Nb6 7. b3 Be7 8. Bb2 f6 9. d4 e4 10. Nfd2 f5 11. Nc4 O-O 12. e3 Be6 13. Qe2 Nb4 14. Ba3 N6d5 15. Rc1 Nd3 16. Rd1 Bxa3 17. Ncxa3 a5 18. Qd2 a4 19. Nc3 axb3 20. axb3 N5b4 21. Nc4 c6 22. Bf1 b5 23. Rxa8 Qxa8 24. Ne5 Bxb3 25. Rb1 Bc4 26. Nxc4 bxc4 27. Nd1 Qa3 28. Bxd3 Nxd3 29. Qc3 Qxc3 30. Nxc3 Ra8 31. d5 cxd5 32. Nxd5 Ra5 33. Ne7+ Kf7 34. Nc6 Rc5 35. Rb7+ Kf6 36. Nd4 c3 37. Rb6+ Kf7 38. Rb7+ Ke8 39. Nc2 Kd8 40. Rxg7 Rb5 41. Rxh7 Rb2 42. Nd4 Ne1 43. Rh8+ Kd7 44. Rh7+ Kd6 45. Rh8 Nf3+ 46. Kg2 1-0


[Site "https://www.chess.com"]

[Event "Titled Tuesday Blitz April 11 Early 2023"]
[White "Petukhov, Dmitry"]
[Black "EREBUNI91"]
[WhiteFideId "4142748"]
[WhiteElo "2311"]
[BlackElo "2665"]
[Result "0-1"]
[Round "04"]
[TimeControl "180+2"]
[Date "2023.04.11"]
[WhiteClock "0:00:16"]
[BlackClock "0:00:13"]

1. e4 c5 2. c3 d5 3. exd5 Qxd5 4. d4 g6 5. Nf3 Nh6 6. Be2 cxd4 7. cxd4 Bg7 8. Nc3 Qd8 9. O-O O-O 10. Bf4 Nf5 11. d5 Nd7 12. Rc1 Nf6 13. Re1 Nh5 14. Bg5 Nf6 15. Bf1 a6 16. a3 b5 17. Ne5 Bb7 18. Nc6 Qd7 19. a4 h6 20. Bxf6 Bxf6 21. axb5 axb5 22. Bxb5 Qc7 23. Qf3 Kh7 24. h3 Qb6 25. Bd3 Bxc6 26. dxc6 Nd4 27. Qe4 Qxc6 28. Nd5 Qd6 29. Nxf6+ exf6 30. Qe7 Rad8 31. Rc7 Qxe7 32. Rexe7 Kg7 33. Bc4 g5 34. Bxf7 Nf5 35. Bh5+ Nxe7 36. Rxe7+ Kh8 37. b3 Rd2 38. Bf7 Ra8 39. Re1 Raa2 40. Rf1 Rab2 41. Bc4 Kg7 42. g4 f5 43. gxf5 Kf6 44. Be6 h5 45. Kg2 g4 46. hxg4 hxg4 47. Kg3 Kg5 48. f4+ gxf3 49. Rxf3 Rg2+ 50. Kh3 Rh2+ 51. Kg3 Rbg2# 0-1


[Site "https://www.chess.com"]

[Event "Titled Tuesday Blitz April 11 Early 2023"]
[White "Mendez Fortes, Eduardo Jesus"]
[Black "Shuvalov, Evgenij"]
[WhiteFideId "3502376"]
[BlackFideId "4187237"]
[WhiteElo "2307"]
[BlackElo "2080"]
[Result "1/2-1/2"]
[Round "04"]
[TimeControl "180+2"]
[Date "2023.04.11"]
[WhiteClock "0:00:47"]
[BlackClock "0:00:19"]

1. e4 e6 2. d4 d5 3. Nd2 c5 4. exd5 exd5 5. Ngf3 Nc6 6. Bb5 Qe7+ 7. Be2 Qc7 8. O-O Nf6 9. Re1 Be6 10. h3 cxd4 11. Nb3 Bb4 12. Bd2 Bxd2 13. Qxd2 Ne4 14. Qd1 O-O 15. Nfxd4 Nxd4 16. Nxd4 Qf4 17. Bf3 Rae8 18. c3 Bc8 19. Re3 Nxf2 20. Rxe8 Nxd1 21. Rxf8+ Kxf8 22. Rxd1 Be6 23. Re1 Qf6 24. Re2 g6 25. Rf2 Kg7 26. Bxd5 Qe5 27. Bxe6 fxe6 28. Re2 Qc5 29. Kh1 Kf7 30. Rxe6 Qxd4 31. cxd4 Kxe6 32. Kh2 Kd5 33. Kg3 Kxd4 34. Kf4 h6 35. h4 b5 36. g4 b4 37. h5 gxh5 38. gxh5 Kd3 39. Kf5 Kc2 40. Kg6 Kxb2 41. Kxh6 Kxa2 42. Kg5 b3 43. h6 b2 44. h7 b1=Q 45. h8=Q Qg1+ 46. Kf5 Qf2+ 47. Ke4 Qe2+ 48. Kd5 Qd3+ 49. Kc6 a5 50. Qg8+ Kb2 51. Qg7+ Qc3+ 52. Qxc3+ Kxc3 53. Kb5 a4 54. Kxa4 1/2-1/2


[Site "https://www.chess.com"]

[Event "Titled Tuesday Blitz April 11 Early 2023"]
[White "Souleidis, Georgios"]
[Black "Huber, Benedikt"]
[WhiteFideId "4206827"]
[BlackFideId "12923583"]
[WhiteElo "2401"]
[BlackElo "2199"]
[Result "0-1"]
[Round "04"]
[TimeControl "180+2"]
[Date "2023.04.11"]
[WhiteClock "0:00:15"]
[BlackClock "0:00:12"]

1. e4 c5 2. Be2 Nc6 3. d3 g6 4. f4 Bg7 5. Nf3 e6 6. O-O Nge7 7. c3 O-O 8. Be3 b6 9. d4 cxd4 10. cxd4 Bb7 11. Nc3 Rc8 12. Qd2 d6 13. Rac1 Na5 14. b3 Rxc3 15. Qxc3 Bxe4 16. Qc7 Qxc7 17. Rxc7 Nd5 18. Rxa7 Nxe3 19. Rc1 Nc6 20. Ra6 Nxd4 21. Kf2 Nd5 22. Rc4 Nxe2 23. Kxe2 Bxf3+ 24. Kxf3 Rb8 25. a4 Kf8 26. b4 Bc3 27. a5 bxa5 28. bxa5 Rb3 29. Ra8+ Kg7 30. Ke2 Ra3 31. Rc6 Rxa5 32. Rxa5 Bxa5 33. Rxd6 Nxf4+ 34. Kf3 Nd5 35. Ra6 Bc7 36. g3 Be5 37. Ra7 Bf6 38. Rb7 h5 39. Kg2 g5 40. Kf3 Kg6 41. Kg2 Nc3 42. Kf3 Na4 43. Rc7 Nb6 44. Kg2 Be5 45. Rb7 Nd5 46. Ra7 Nf6 47. Rb7 h4 48. Rb5 Bd6 49. Rb6 Be5 50. Rb5 Nd5 51. Rb7 hxg3 52. hxg3 Ne3+ 53. Kf3 Nf5 54. g4 Nh4+ 55. Kf2 Bf4 56. Rb6 Kf6 57. Ra6 Ng6 58. Rb6 Ne5 0-1


[Site "https://www.chess.com"]

[Event "Titled Tuesday Blitz April 11 Early 2023"]
[White "polandchessplayer"]
[Black "Pniaczek, Marek"]
[BlackFideId "21800421"]
[WhiteElo "2655"]
[BlackElo "2138"]
[Result "1-0"]
[Round "04"]
[TimeControl "180+2"]
[Date "2023.04.11"]
[WhiteClock "0:02:21"]
[BlackClock "0:01:28"]

1. c4 e6 2. Nf3 Nf6 3. g3 d5 4. Bg2 Be7 5. O-O O-O 6. d4 dxc4 7. a4 c6 8. Ne5 Nbd7 9. Nxc4 c5 10. Nc3 cxd4 11. Qxd4 Bc5 12. Qd3 Qe7 13. Bf4 e5 14. Bg5 Nb6 15. Nxb6 axb6 16. Nd5 Qe6 17. Nc7 1-0


[Site "https://www.chess.com"]

[Event "Titled Tuesday Blitz April 11 Early 2023"]
[White "Chernov, Mikhail"]
[Black "Belozerov, Andrei"]
[WhiteFideId "24143170"]
[BlackFideId "4120213"]
[WhiteElo "2113"]
[BlackElo "2373"]
[Result "0-1"]
[Round "04"]
[TimeControl "180+2"]
[Date "2023.04.11"]
[WhiteClock "0:00:03"]
[BlackClock "0:00:10"]

1. d4 d5 2. Nc3 Nf6 3. Bf4 c5 4. e3 cxd4 5. exd4 Bg4 6. f3 Bd7 7. Bd3 Nc6 8. Nge2 e6 9. a3 Be7 10. O-O O-O 11. Kh1 a6 12. Bg3 Rc8 13. Nb1 Qb6 14. b3 Rfe8 15. Bf2 Qc7 16. Nd2 e5 17. Bg3 Bd6 18. Bh4 exd4 19. Bxf6 gxf6 20. Qe1 Ne5 21. Qg3+ Ng6 22. Qf2 Bxh2 23. g3 Rxe2 24. Qxe2 Bxg3 25. f4 Bxf4 26. Nf3 Be3 27. Bxg6 hxg6 28. Kg2 Kg7 29. Rh1 Qxc2 30. Ra2 Qxe2+ 31. Rxe2 f5 32. Rd1 Be6 33. Nxd4 Bxd4 34. Rxd4 Kf6 35. Re3 g5 36. Kf3 f4 37. Red3 Bf5 38. Rd1 Be4+ 39. Kf2 Rc2+ 40. Kf1 g4 41. R4d2 Rc3 42. Rb2 g3 43. a4 f3 44. b4 f2 45. b5 Bd3+ 46. Kg2 f1=Q+ 47. Rxf1+ Bxf1+ 48. Kxf1 axb5 49. Rxb5 Ke5 50. Rxb7 Ra3 51. Rxf7 Rxa4 52. Rg7 Ra3 53. Ke2 d4 54. Re7+ Kd5 55. Rd7+ Ke4 56. Re7+ Kf4 57. Rf7+ Kg4 58. Rd7 Kh3 59. Rxd4 Kg2 60. Rd8 Ra7 61. Rg8 Re7+ 62. Kd3 Kf2 63. Rf8+ Kg1 64. Rg8 g2 65. Rf8 Re6 66. Rf5 Re1 67. Kd2 Rf1 68. Rg5 Kf2 69. Rf5+ Kg3 70. Rg5+ Kf3 71. Rf5+ Ke4 0-1


[Site "https://www.chess.com"]